 Dungeon Crawl Stone Soup version bcrawl-1.21.3 (webtiles) character file.

Game seed: 1805072854795692974

4330 MisterOstroum the Cleaver (level 10, -3/73 HPs)
             Began as a Gnoll Chaos Knight on Apr 3, 2020.
             Was a Plaything of Xom.
             Slain by an orc warrior
             ... wielding a +0 mace
              (24 damage)
             ... on level 7 of the Dungeon.
             The game lasted 00:13:59 (7574 turns).

MisterOstroum the Cleaver (Gnoll Chaos Knight)      Turns: 7574, Time: 00:14:00

Health: -3/73      AC: 17    Str: 20    XL:     10   Next: 33%
Magic:  17/17      EV: 11    Int: 16    God:    Xom [*.....]
Gold:   381        SH:  0    Dex: 15    Spells: 19/19 levels left

rFire    . . .     SeeInvis .   a - +0 hand axe (chaos)
rCold    . . .     Gourm    .   (no shield)
rNeg     . . .     Faith    .   d - +0 plate armour
rPois    .         Spirit   .   i - +0 helmet
rElec    .         Reflect  .   (no cloak)
rCorr    .         Harm     .   (no gloves)
MR       .....     Rnd*Rage +   n - +0 pair of boots
Stlth    ..........             (no amulet)
HPRegen  0.22/turn              f - +2 ring of protection
MPRegen  0.15/turn              v - +4 ring of strength

@: no status effects
A: distributed training, fangs 1, talons 1, repulsion field 1, berserk 1, frail
1, screaming 1, MP-powered wands, strong nose
a: Renounce Religion


You were on level 7 of the Dungeon.
You worshipped Xom.
You were a special plaything of Xom.
You were not hungry.

You visited 1 branch of the dungeon, and saw 7 of its levels.
You also visited: Ossuary.

You collected 483 gold pieces.
You spent 102 gold pieces at shops.

Inventory:

Hand Weapons
 a - a +0 hand axe of chaos (weapon)
 b - a +0 blowgun
 o - a +0 dagger of pain
 s - a +0 hand axe
Missiles
 c - 759 stones (quivered)
 l - 101 tomahawks
 m - 1140 arrows
 t - 127 poisoned needles
 u - 244 sling bullets
Armour
 d - a +0 plate armour (worn)
 i - a +0 helmet (worn)
 n - a +0 pair of boots (worn)
Magical Staves
 z - an uncursed staff of poison
Jewellery
 f - a +2 ring of protection (left hand)
 v - a +4 ring of strength (right hand)
 G - an uncursed ring of positive energy
Scrolls
 g - a scroll of identify {@r1}
 k - 3 scrolls of remove curse {unknown}
 p - 3 scrolls of fear {unknown}
 q - 3 scrolls of blinking {unknown}
 w - 2 scrolls of fog {unknown}
 x - a scroll of acquirement {unknown}
 y - 2 scrolls of amnesia {unknown}
 A - 2 scrolls of noise
 B - a scroll of enchant weapon {unknown}
 H - a scroll of torment
 I - 2 scrolls of teleportation {unknown}
 L - a scroll of enchant armour {unknown}
Potions
 j - 5 potions of curing {@q1 !q}
 C - 2 potions of agility {@q5 !q}
 E - a potion of cancellation
 F - a potion of brilliance
 J - a potion of haste {@q4 !q}
Miscellaneous
 D - a fan of gales (inert)
Comestibles
 e - 3 rations {!d}
 h - 10 chunks of flesh


   Skills:
 + Level 8.4 Fighting
 + Level 5.1 Short Blades
 + Level 5.1 Long Blades
 + Level 8.4 Axes
 + Level 5.1 Maces & Flails
 + Level 5.1 Polearms
 + Level 5.1 Staves
 + Level 5.1 Slings
 + Level 5.1 Bows
 + Level 5.1 Crossbows
 + Level 5.1 Throwing
 + Level 6.9 Armour
 + Level 5.8 Dodging
 + Level 5.1 Stealth
 + Level 5.1 Shields
 + Level 5.1 Unarmed Combat
 + Level 5.1 Spellcasting
 + Level 4.2 Conjurations
 + Level 4.2 Hexes
 + Level 4.2 Charms
 + Level 4.2 Summonings
 + Level 4.2 Necromancy
 + Level 4.2 Translocations
 + Level 4.2 Transmutations
 + Level 4.2 Fire Magic
 + Level 4.2 Ice Magic
 + Level 4.2 Air Magic
 + Level 4.2 Earth Magic
 + Level 4.2 Poison Magic
 + Level 5.6 Invocations
 + Level 5.1 Evocations


You had 19 spell levels left.
You didn't know any spells.
Your spell library contained the following spells:

 Spells                   Type           Power        Failure   Level  Hunger
 Throw Frost              Conj/Ice       ###...       32%         2    #......
 Corona                   Hex            ###....      50%         1    None
 Freeze                   Ice            ###...       50%         1    None
 Ensorcelled Hibernation  Hex/Ice        ###...       65%         2    #......
 Confuse                  Hex            ###.....     86%         3    ###....
 Dazzling Spray           Conj/Hex       ###...       86%         3    ###....
 Ozocubu's Armour         Chrm/Ice       ###.....     86%         3    ###....
 Tukima's Dance           Hex            ###.....     86%         3    ###....
 Summon Ice Beast         Ice/Summ       ###.....     99%         4    ####...
 Throw Icicle             Conj/Ice       ###.....     99%         4    ####...


Dungeon Overview and Level Annotations

Branches:
Dungeon (7/12)             Temple (0/1) D:7            Lair (0/6) D:7

Altars:
Cheibriados
Elyvilon
Kikubaaqudgha
Wu Jian
Yredelemnul
The Shining One

Shops:
D:7 %!?(

Annotations:
D:7 1 runed door


Innate Abilities, Weirdness & Mutations

Your experience applies equally to all skills.
You have very sharp teeth.
Your uncanny sense of smell can sniff out nearby items.
You have sharp toenails.
You are surrounded by a mild repulsion field. (EV +2)
You tend to lose your temper in combat.
You are frail. (-10% HP)
You occasionally shout uncontrollably at your foes.
You expend magic power (3 MP) to strengthen your wands.


Message History

An orc is nearby!
An orc warrior comes into view. It is wielding a +0 mace.
You recover from your berserk rage.
An orc comes into view. It is wielding a +0 hand axe.
The orc shouts!
You hear a shout!
The orc hits you with a +0 flail.
You hit the orc. You burn the orc.
You kill the orc!
An orc comes into view. It is wielding a +0 dagger.
The orc warrior hits you with a +0 mace!
Things that are here:
a +0 flail; a +0 ring mail; an orc corpse Your plate armour prevents you from hitting the orc warrior.
You almost hear Xom's maniacal laughter.
The world appears momentarily distorted.
You hit the orc warrior but do no damage.
The orc warrior seems to speed up.
You bite the orc warrior.
The orc warrior is lightly wounded.
Your plate armour prevents you from hitting the orc.
The orc warrior hits you with a +0 mace!
The orc barely misses you.
You closely miss the orc warrior. Your bite misses the orc warrior.
The orc warrior is lightly wounded.
You slash the orc!
You kill the orc!
The orc warrior hits you with a +0 mace.
The orc warrior hits you but does no damage.
You hit the orc warrior. You burn the orc warrior.
The orc warrior is moderately wounded.
The orc warrior hits you but does no damage.
You closely miss the orc warrior. You bite the orc warrior.
The orc warrior is heavily wounded.
You closely miss the orc.
The orc warrior hits you with a +0 mace!
The orc barely misses you.
You are too injured to fight recklessly!
You are too injured to fight recklessly!
You are too injured to fight recklessly!
You are too injured to fight recklessly!
You are too injured to fight recklessly!
You are too injured to fight recklessly!
You are too injured to fight recklessly!
You are too injured to fight recklessly!
You are too injured to fight recklessly!
You are too injured to fight recklessly!
You are too injured to fight recklessly!
You are too injured to fight recklessly!
You are too injured to fight recklessly!
You are too injured to fight recklessly!
You are too injured to fight recklessly!
You are too injured to fight recklessly!
You are too injured to fight recklessly!
You are too injured to fight recklessly!
You are too injured to fight recklessly!
You are too injured to fight recklessly!
You are too injured to fight recklessly!
You are too injured to fight recklessly!
You are too injured to fight recklessly!
You are too injured to fight recklessly!
You hit the orc warrior but do no damage.
The orc warrior flickers and vanishes!
Deactivating autopickup; reactivate with Ctrl-A.
You completely miss the orc. Something hits you but does no damage.
You closely miss something. You hit the orc but do no damage.
The orc hits you but does no damage. Something hits you!!
You closely miss something. You bite something.
You hit the orc but do no damage. The orc hits you but does no damage.
Something hits you but does no damage.
You slash the orc!
You kill the orc!
You hit something. Something hits you!
* * * LOW HITPOINT WARNING * * *
Your plate armour prevents you from hitting something.
Something hits you.
* * * LOW HITPOINT WARNING * * *
You hit something. You freeze something. Something hits you.
* * * LOW HITPOINT WARNING * * *
You hit something but do no damage. Something hits you.
* * * LOW HITPOINT WARNING * * *
Okay, then.
Evoke which item? (* to show all) (? for menu, Esc to quit)
Okay, then.
Unknown command.
Really quaff
r - 3 potions of heal wounds {@q2 !q}?
You feel much better. Something hits you!
* * * LOW HITPOINT WARNING * * *
Something hits you but does no damage.
You closely miss something. Something hits you!
* * * LOW HITPOINT WARNING * * *
Xom roars with laughter!
Really quaff
r - 2 potions of heal wounds {@q2 !q}?
You feel much better. Something hits you!
Your plate armour prevents you from hitting something.
Something barely misses you.
You closely miss something. Something hits you!!
* * * LOW HITPOINT WARNING * * *
Really quaff
r - a potion of heal wounds {@q2 !q}?
You feel much better. Something hits you but does no damage.
You hit something. You bite something. Something hits you!!
You die...

.....#####.........##
#.......##...<.......
#.......##.....÷.....
...............>...## Z
..................##
.########......###.# o
#......#∩#.#
##.#########......#'#.##
......{@................
o......)....#............
####.................###
#.....#..............
#....................
#............####.....
........#....## ######
###.....#.....o ##### ...
......


There were no monsters in sight!

Vanquished Creatures
  2 death yaks (D:7)
  A troll (D:7)
  A hornet (D:7)
  3 yaks (D:7)
  A hungry ghost (D:7)
  A crocodile (D:6)
  A swamp drake (shapeshifter) (D:4)
  An ice beast (D:3)
  3 sky beasts
  A hornet zombie (D:5)
  A phantom (D:4)
  3 centaurs
  A wyvern skeleton (D:6)
  10 scorpions (Ossuary)
  2 howler monkeys
  2 crimson imps
  4 orc wizards
  2 centaur zombies (Ossuary)
  A human zombie (Ossuary)
  An orc priest (D:5)
  2 hounds
  3 iguanas
  Jessica (D:3)
  4 worker ants
  2 hound zombies
  4 mummies
  A worker ant zombie (D:5)
  5 adders
  3 scorpion zombies (Ossuary)
  2 shadow imps (D:5)
  3 oozes
  An adder skeleton (D:5)
  3 worms
  A dart slug (D:4)
  4 leopard geckos
  20 orcs
  4 goblins
  A goblin (shapeshifter) (D:7)
  8 hobgoblins
  7 jackals
  2 quokkas
  2 ball pythons (D:3)
  4 bats
  3 frilled lizards (D:1)
  A gnoll zombie (Ossuary)
  A goblin zombie (Ossuary)
  2 hobgoblin zombies (Ossuary)
  6 kobolds
  2 rats
144 creatures vanquished.

Notes
Turn   | Place    | Note
-------+----------+-------------------------------------------
     0 | D:1      | MisterOstroum the Gnoll Chaos Knight began the quest for
                  | the Orb.
     0 | D:1      | Reached XP level 1. HP: 23/23 MP: 1/1
   421 | D:1      | XOM: divination: detect creatures
   448 | D:1      | XOM: harmless Conj miscast
   561 | D:1      | Reached XP level 2. HP: 25/29 MP: 2/2
   699 | D:1      | XOM: divination: magic mapping
   987 | D:2      | Found a snail-covered altar of Cheibriados.
  1027 | D:2      | XOM: divination: detect creatures
  1192 | D:2      | Found a white marble altar of Elyvilon.
  1247 | D:2      | Reached XP level 3. HP: 35/35 MP: 3/3
  1322 | D:2      | XOM: mild Air miscast
  1525 | D:3      | Noticed an ice beast
  1550 | D:3      | XOM: divination: magic mapping
  1563 | D:3      | Killed an ice beast
  1563 | D:3      | Reached skill level 1 in Short Blades
  1563 | D:3      | Reached skill level 1 in Long Blades
  1563 | D:3      | Reached skill level 1 in Maces & Flails
  1563 | D:3      | Reached skill level 1 in Polearms
  1563 | D:3      | Reached skill level 1 in Staves
  1563 | D:3      | Reached skill level 1 in Slings
  1563 | D:3      | Reached skill level 1 in Bows
  1563 | D:3      | Reached skill level 1 in Crossbows
  1563 | D:3      | Reached skill level 1 in Throwing
  1563 | D:3      | Reached skill level 1 in Stealth
  1563 | D:3      | Reached skill level 1 in Shields
  1563 | D:3      | Reached skill level 1 in Unarmed Combat
  1563 | D:3      | Reached skill level 1 in Spellcasting
  1563 | D:3      | Reached skill level 1 in Conjurations
  1563 | D:3      | Reached skill level 1 in Hexes
  1563 | D:3      | Reached skill level 1 in Charms
  1563 | D:3      | Reached skill level 1 in Summonings
  1563 | D:3      | Reached skill level 1 in Necromancy
  1563 | D:3      | Reached skill level 1 in Translocations
  1563 | D:3      | Reached skill level 1 in Transmutations
  1563 | D:3      | Reached skill level 1 in Fire Magic
  1563 | D:3      | Reached skill level 1 in Ice Magic
  1563 | D:3      | Reached skill level 1 in Air Magic
  1563 | D:3      | Reached skill level 1 in Earth Magic
  1563 | D:3      | Reached skill level 1 in Poison Magic
  1563 | D:3      | Reached skill level 1 in Invocations
  1563 | D:3      | Reached skill level 1 in Evocations
  1563 | D:3      | Reached XP level 4. HP: 41/41 MP: 4/6
  1563 | D:3      | Reached XP level 5. HP: 47/47 MP: 4/7
  1912 | D:3      | Found a faded altar of an unknown god.
  1982 | D:3      | Noticed Jessica
  1986 | D:3      | Killed Jessica
  1986 | D:3      | Reached XP level 6. HP: 53/53 MP: 8/8
  2061 | D:3      | Found an ornate altar of the Wu Jian Council.
  2061 | D:3      | Found a glowing golden altar of the Shining One.
  2130 | D:3      | Found an ancient bone altar of Kikubaaqudgha.
  2133 | D:3      | Found a basalt altar of Yredelemnul.
  2351 | D:3      | XOM: harmless Chrm miscast
  2516 | D:3      | XOM: divination: magic mapping
  2748 | D:4      | Noticed a sky beast
  2774 | D:4      | Killed a sky beast
  2774 | D:4      | Reached skill level 5 in Armour
  2822 | D:4      | Noticed a phantom
  2825 | D:4      | XOM: summons 4 friendly demons
  2832 | D:4      | Killed a phantom
  2832 | D:4      | Reached XP level 7. HP: 59/59 MP: 10/10
  2962 | D:4      | XOM: cleaving
  2991 | D:4      | XOM: scenery: 2 doors open, 1 doors close
  3231 | D:4      | XOM: god gift: short smoking staff {god gift}
  3332 | D:4      | XOM: scenery: 1 doors open, 3 doors close
  3620 | D:5      | Entered Level 5 of the Dungeon
  3687 | D:5      | XOM: noise
  3714 | D:5      | XOM: mild Necr miscast
  3774 | D:5      | XOM: silly message
  3875 | D:5      | Reached XP level 8. HP: 53/66 MP: 12/12
  3882 | D:5      | Found a sand-covered staircase.
  3923 | Ossuary  | Entered an ossuary
  4017 | Ossuary  | XOM: mild Air miscast
  4162 | Ossuary  | XOM: mild Erth miscast
  4246 | Ossuary  | XOM: divination: detect items
  4291 | Ossuary  | XOM: cast spell 'Summon Small Mammal'
  4631 | Ossuary  | XOM: blink monster(s)
  4804 | D:5      | XOM: noise
  4833 | D:5      | XOM: summons 5 friendly demons
  4887 | D:5      | Reached XP level 9. HP: 54/72 MP: 14/14
  5804 | D:6      | XOM: medium Erth miscast
  5951 | D:6      | XOM: confuse monster(s)
  6012 | D:6      | XOM: god gift: 168 arrows
  6535 | D:7      | Reached skill level 5 in Dodging
  6668 | D:7      | Found a runed door.
  6671 | D:7      | XOM: give mutations
  6671 | D:7      | Gained mutation: Armour fits poorly on your strangely
                  | shaped body. [Xom's mischief]
  6671 | D:7      | Gained mutation: Scrolls take you a little longer to read.
                  | [Xom's mischief]
  6671 | D:7      | Gained mutation: You have a pair of small horns on your
                  | head. [Xom's mischief]
  6673 | D:7      | Lost mutation: You have a pair of small horns on your head.
                  | [potion of mutation]
  6673 | D:7      | Lost mutation: Armour fits poorly on your strangely shaped
                  | body. [potion of mutation]
  6673 | D:7      | Lost mutation: Scrolls take you a little longer to read.
                  | [potion of mutation]
  6673 | D:7      | Gained mutation: You are frail. (-10% HP) [potion of
                  | mutation]
  6673 | D:7      | Gained mutation: Your magical capacity is low. (-10% MP)
                  | [potion of mutation]
  6673 | D:7      | Gained mutation: You expend magic power (3 MP) to
                  | strengthen your wands. [potion of mutation]
  6687 | D:7      | Found Liehifur's Food Emporium.
  6747 | D:7      | Found a staircase to the Ecumenical Temple.
  6783 | D:7      | XOM: give mutations
  6783 | D:7      | Gained mutation: You occasionally shout uncontrollably at
                  | your foes. [Xom's mischief]
  6783 | D:7      | Gained mutation: Scrolls take you a little longer to read.
                  | [Xom's mischief]
  6783 | D:7      | Gained mutation: You are clumsy. (Dex -2) [Xom's mischief]
  6783 | D:7      | Gained mutation: Armour fits poorly on your strangely
                  | shaped body. [Xom's mischief]
  6784 | D:7      | Lost mutation: Your magical capacity is low. (-10% MP)
                  | [potion of mutation]
  6784 | D:7      | Lost mutation: You are clumsy. (Dex -2) [potion of
                  | mutation]
  6784 | D:7      | Lost mutation: You expend magic power (3 MP) to strengthen
                  | your wands. [potion of mutation]
  6784 | D:7      | Gained mutation: You are surrounded by a mild repulsion
                  | field. (EV +2) [potion of mutation]
  6784 | D:7      | Noticed a hornet
  6786 | D:7      | Noticed a troll
  6791 | D:7      | Killed a hornet
  6795 | D:7      | XOM: divination: detect creatures
  6805 | D:7      | XOM: cast spell 'Monstrous Menagerie'
  6809 | D:7      | Killed a troll
  7057 | D:7      | XOM: harmless Necr miscast
  7065 | D:7      | Found Tajegg's Magic Scroll Boutique.
  7067 | D:7      | Found Hecoa's Distillery.
  7076 | D:7      | Bought a potion of mutation for 88 gold pieces
  7076 | D:7      | Lost mutation: Scrolls take you a little longer to read.
                  | [potion of mutation]
  7076 | D:7      | Lost mutation: Armour fits poorly on your strangely shaped
                  | body. [potion of mutation]
  7076 | D:7      | Gained mutation: You tend to lose your temper in combat.
                  | [potion of mutation]
  7076 | D:7      | Gained mutation: You expend magic power (3 MP) to
                  | strengthen your wands. [potion of mutation]
  7076 | D:7      | Gained mutation: You have sharp toenails. [potion of
                  | mutation]
  7084 | D:7      | Bought a scroll of noise for 14 gold pieces
  7103 | D:7      | Found Derhotull's Antique Weapon Boutique.
  7120 | D:7      | Noticed a death yak
  7121 | D:7      | Found a staircase to the Lair.
  7121 | D:7      | Noticed a death yak
  7122 | D:7      | Noticed a death yak
  7125 | D:7      | XOM: summons friendly shadow imp
  7154 | D:7      | HP: 3/66 [something (7)]
  7160 | D:7      | XOM: confuse monster(s)
  7162 | D:7      | Reached skill level 5 in Invocations
  7163 | D:7      | XOM: enchant monster (good)
  7170 | D:7      | Killed a death yak
  7170 | D:7      | Reached XP level 10. HP: 7/72 MP: 15/17
  7202 | D:6      | XOM: mild Conj miscast
  7506 | D:7      | Killed a death yak
  7506 | D:7      | Reached skill level 5 in Short Blades
  7506 | D:7      | Reached skill level 5 in Long Blades
  7506 | D:7      | Reached skill level 5 in Maces & Flails
  7506 | D:7      | Reached skill level 5 in Polearms
  7506 | D:7      | Reached skill level 5 in Staves
  7506 | D:7      | Reached skill level 5 in Slings
  7506 | D:7      | Reached skill level 5 in Bows
  7506 | D:7      | Reached skill level 5 in Crossbows
  7506 | D:7      | Reached skill level 5 in Throwing
  7506 | D:7      | Reached skill level 5 in Stealth
  7506 | D:7      | Reached skill level 5 in Shields
  7506 | D:7      | Reached skill level 5 in Unarmed Combat
  7506 | D:7      | Reached skill level 5 in Spellcasting
  7506 | D:7      | Reached skill level 5 in Evocations
  7556 | D:7      | XOM: harmless Summ miscast
  7569 | D:7      | HP: 3/73 [something (17)]
  7574 | D:7      | Slain by an orc warrior

Skill      XL: |  1  2  3  4  5  6  7  8  9 10 |
---------------+-------------------------------+-----
Short Blades   | 1 2 3 4 5 |  5.1
Long Blades    | 1 2 3 4 5 |  5.1
Maces & Flails | 1 2 3 4 5 |  5.1
Polearms       | 1 2 3 4 5 |  5.1
Staves         | 1 2 3 4 5 |  5.1
Slings         | 1 2 3 4 5 |  5.1
Bows           | 1 2 3 4 5 |  5.1
Crossbows      | 1 2 3 4 5 |  5.1
Throwing       | 1 2 3 4 5 |  5.1
Stealth        | 1 2 3 4 5 |  5.1
Shields        | 1 2 3 4 5 |  5.1
Unarmed Combat | 1 2 3 4 5 |  5.1
Spellcasting   | 1 2 3 4 5 |  5.1
Conjurations   | 1 2 3 4 |  4.2
Hexes          | 1 2 3 4 |  4.2
Charms         | 1 2 3 4 |  4.2
Summonings     | 1 2 3 4 |  4.2
Necromancy     | 1 2 3 4 |  4.2
Translocations | 1 2 3 4 |  4.2
Transmutations | 1 2 3 4 |  4.2
Fire Magic     | 1 2 3 4 |  4.2
Ice Magic      | 1 2 3 4 |  4.2
Air Magic      | 1 2 3 4 |  4.2
Earth Magic    | 1 2 3 4 |  4.2
Poison Magic   | 1 2 3 4 |  4.2
Invocations    | 1 2 3 4 5 |  5.6
Evocations     | 1 2 3 4 5 |  5.1
Dodging        | 3 4 5 |  5.8
Armour         | 5 6 |  6.9
Fighting       | 7 8 |  8.4
Axes           | 7 8 |  8.4

Action                   |  1- 3 |  4- 6 |  7- 9 | 10-12 || total
-------------------------+-------+-------+-------+-------++-------
Melee: Hand axe          |   101 |   138 |   451 |    33 ||   723
       Bite              |     9 |    24 |    65 |     5 ||   103
       Punch             |       |     2 |     7 |     1 ||    10
 Fire: Blowgun           |       |       |    14 |       ||    14
Throw: Stone             |     3 |       |       |       ||     3
Evoke: Fan of gales      |       |       |     1 |       ||     1
  Use: Potion            |       |       |     5 |     3 ||     8
       Scroll            |       |       |     7 |       ||     7
 Stab: Paralysed         |     2 |     4 |     3 |     2 ||    11
       Petrifying        |       |     2 |     1 |     2 ||     5
       Petrified         |       |     1 |     2 |     4 ||     7
       Confused          |       |       |     2 |       ||     2
  Eat: Chunk             |     2 |     3 |    12 |       ||    17
       Ration            |       |       |     4 |     1 ||     5
Armor: Plate armour      |    75 |    90 |   263 |    11 ||   439
       Leather armour    |     3 |       |       |       ||     3
Dodge: Dodged            |    26 |    20 |   106 |     8 ||   160
